 Dungeon Crawl Stone Soup version 0.31-a0-986-g5e6e4ef867 (webtiles) character file.

Game seed: 9337112629948971727

14386 monsoonserge the Brawler (level 12, 0/94 HPs)
             Began as a Meteoran Shapeshifter on Nov 18, 2023.
             Was an Elder of Wu Jian.
             Slain by a death yak (17 damage)
             ... on level 3 of the Lair of Beasts.
             The game lasted 00:53:26 (5831 turns).

monsoonserge the Brawler (Meteoran Shapeshifter)    Turns: 5831, Time: 00:53:26

Health: 0/94       AC:  4    Str: 20    XL:     12   Next: 78%
Magic:  13/13      EV: 16    Int: 13    God:    Wu Jian [****..]
Gold:   428        SH:  0    Dex: 20    Spells: 11/11 levels left

rFire   + .          .
                       - Unarmed
rCold   . . .        (no shield)
rNeg    . . .        x - melded +2 leather armour {rN+}
rPois   .            V - +0 helmet
rElec   .            O - +1 cloak
rCorr   .            U - +0 pair of gloves
SInv    .            (no boots)
Will    +....        A - amulet of the acrobat
Stlth   +            I - +6 ring of dexterity
HPRegen 0.35/turn    R - ring of protection from fire
MPRegen 0.13/turn

%: acrobat
@: maw-form, glowing
A: devouring maw, sense surroundings 2, otherworldly, glowing, explore regen
a: Begin Untransformation, Renounce Religion, Wall Jump, Serpent's Lash


You were on level 3 of the Lair of Beasts.
You worshipped Wu Jian.
Wu Jian was greatly pleased with you.
You were a creature with a mouth for a stomach.
You visited 3 branches of the dungeon, and saw 13 of its levels.
You also visited: Sewer and Ossuary.

You collected 488 gold pieces.
You spent 60 gold pieces at shops.

Inventory:

Hand Weapons
 a - the +3 greatsling "Punk" {acid, rCorr}
   (You found it on level 8 of the Dungeon)

   rCorr:     It protects you from acid and corrosion.
Missiles
 b - 23 poisoned darts
 j - 9 darts of dispersal
 G - a curare-tipped dart
 H - 6 boomerangs
 K - 3 datura-tipped darts (quivered)
Armour
 e - a +0 cloak
 x - a +2 leather armour of positive energy (melded)
 O - a +1 cloak (worn)
 Q - a scarf of harm
 U - a +0 pair of gloves (worn)
 V - a +0 helmet (worn)
Jewellery
 A - an amulet of the acrobat (around neck)
 I - a +6 ring of dexterity (left hand)
 N - a +6 ring of dexterity
 R - a ring of protection from fire (right hand)
 T - an amulet of faith
Talismans
 c - a beast talisman
 d - a flux talisman
 y - a maw talisman (active)
Wands
 k - a wand of flame (11)
 v - a wand of charming (9)
 L - a wand of roots (3)
Scrolls
 g - 3 scrolls of enchant armour
 h - 3 scrolls of noise
 i - 4 scrolls of enchant weapon {unknown}
 l - 3 scrolls of fear
 q - 2 scrolls of poison
 s - 4 scrolls of fog {unknown}
 u - a scroll of acquirement {unknown}
 w - a scroll of revelation {unknown}
 D - 2 scrolls of vulnerability
 F - 2 scrolls of blinking {unknown}
 J - a scroll of immolation {unknown}
 M - a scroll of amnesia
 P - a scroll of teleportation
Potions
 f - a potion of ambrosia {unknown}
 m - a potion of brilliance {unknown}
 n - a potion of heal wounds
 o - 2 potions of haste
 p - 6 potions of curing
 r - a potion of experience {unknown}
 t - a potion of magic {unknown}
 z - a potion of cancellation {unknown}
 B - 5 potions of resistance {unknown}
 C - 4 potions of lignification
 E - 2 potions of mutation
 S - a potion of enlightenment {unknown}
 W - a potion of might {unknown}


   Skills:
 + Level 5.0 Fighting
 * Level 6.8 Ranged Weapons
 + Level 0.2 Throwing
 - Level 3.0 Armour
 + Level 6.7 Dodging
 * Level 15.8 Unarmed Combat
 * Level 2.5 Evocations
 + Level 11.3 Shapeshifting


You had 11 spell levels left.
You didn't know any spells.
Your spell library contained the following spells:

 Spells                   Type           Power      Damage    Failure   Level
 Ensorcelled Hibernation  Hex/Ice        0%         N/A       43%         2
 Jinxbite                 Hex            0%         N/A       43%         2
 Poisonous Vapours        Pois/Air       0%         N/A       43%         2
 Dazzling Flash           Conj/Hex       0%         N/A       67%         3
 Inner Flame              Hex/Fire       0%         N/A       67%         3
 Mephitic Cloud           Conj/Pois/Air  0%         N/A       67%         3
 Ozocubu's Armour         Ice            0%         N/A       67%         3
 Anguish                  Hex/Necr       0%         N/A       97%         4
 Flame Wave               Conj/Fire      0%         2d4       97%         4
 Sticky Flame             Conj/Fire      0%         2d3       97%         4
 Agony                    Necr           0%         N/A       100%        5
 Freezing Cloud           Conj/Ice/Air   0%         6-21      100%        5
 Silence                  Hex/Air        0%         N/A       100%        5
 Ozocubu's Refrigeration  Ice            0%         4d7       100%        7


Dungeon Overview and Level Annotations

Branches:
Dungeon (9/15) Zot: 1417   Temple (1/1) D:4 Zot: 580    Lair (3/5) D:9 Zot: 767
  Sewer (visited)         Ossuary (visited)
  Swamp: Lair:2-3    Shoals: Lair:2-3     Snake: Lair:2-3    Spider: Lair:2-3
    Orc: D:9-12

Altars:
Ashenzari
Cheibriados
Dithmenos
Elyvilon
Fedhas
Gozag
Hepliaklqana
Kikubaaqudgha
Makhleb
Nemelex Xobeh
Okawaru
Qazlal
Ru
Sif Muna
Trog
Uskayaw
Vehumet
Wu Jian
Xom
Yredelemnul
Zin
The Shining One

Shops:
D:2 *   D:9 (


Innate Abilities, Weirdness & Mutations

You are a creature with a mouth for a stomach.
Your midsection houses a second, enormous mouth.
You passively map the area around you.
You are easily found by Zot.
You glow in the dark.
You regain HP and MP as you explore.


Message History

The death yak is lightly wounded.
The death yak gores you!
* * * LOW HITPOINT WARNING * * *
You feel much better.
The death yak is no longer petrified.
The death yak gores you.
You lunge at the death yak.
You punch the death yak! Your bite misses the death yak.
The death yak is heavily wounded.
You spin and attack the death yak.
You punch the death yak! x2
You bite the death yak.
The death yak is moderately wounded.
The death yak barely misses you. x2
Things that are here:
a catoblepas corpse; a death yak corpse Unknown command.
You spin and attack the death yak.
You hit the death yak. You bite the death yak.
The death yak is heavily wounded.
You spin and attack the death yak repeatedly.
You barely miss the death yak.
You bite the death yak, but do no damage.
The death yak is heavily wounded.
You punch the death yak!
The death yak is severely wounded.
The death yak gores you but does no damage.
The death yak gores you!!
* * * LOW HITPOINT WARNING * * *
Unknown command.
Unknown command.
You spin and attack the death yak repeatedly.
You hit the death yak but do no damage. You bite the death yak!
The death yak is severely wounded.
You punch the death yak!
The death yak is severely wounded.
You spin and attack the death yak.
You punch the death yak!
The death yak is severely wounded.
The death yak gores you.
* * * LOW HITPOINT WARNING * * *
The death yak gores you!
You die...

** , * #.# #..#*
#.. * ## ##.##
#... #..# ##... ,*
###.# * #..... *
#P..## *
#.....########...#
#....#..##.#...##
*
.#........Y§....#
.........YW.....#
,................#
,................#
,
####.####.#######
* ## ###


You could see 2 death yaks.

Vanquished Creatures
  A catoblepas (Lair:3)
  3 two-headed ogres
  4 death yaks (Lair:3)
  Nergalle (Lair:1)
  3 cane toads
  3 rime drakes (Lair:2)
  2 komodo dragons (Lair:1)
  2 wyverns
  Eustachio (D:4)
  14 yaks
  6 water moccasins
  3 ice beasts
  2 sky beasts
  6 wolves (Lair:3)
  3 ogres
  A phantom (D:4)
  2 elf zombies (Ossuary)
  A kobold brigand (D:6)
  A scorpion (D:7)
  10 bullfrogs
  A gnoll sergeant (D:9)
  4 wights (D:8)
  6 killer bees (D:9)
  4 howler monkeys (D:9)
  2 centaur zombies (Ossuary)
  2 human zombies (Ossuary)
  An orc priest (D:8)
  3 hounds
  2 gnoll boudas
  Crazy Yiuf (D:5)
  4 iguanas
  3 orc wizards
  3 mummies
  25 gnolls
  14 adders
  6 river rats
  A shadow imp (D:7)
  2 ufetubi (D:6)
  A worm (D:2)
  4 dart slugs
  9 orcs
  4 bats
  5 endoplasms
  2 giant cockroaches (D:1)
  4 goblins
  8 hobgoblins
  13 jackals
  2 quokkas (D:3)
  10 ball pythons
  6 frilled lizards
  A goblin zombie (Ossuary)
  8 hobgoblin zombies
  3 jackal zombies (Ossuary)
  6 kobolds
  8 kobold zombies
  12 orc zombies (Ossuary)
  29 rats
  A rat zombie (Ossuary)
289 creatures vanquished.

Vanquished Creatures (collateral kills)
  A gnoll bouda (D:4)
  3 gnolls (D:4)
  A worm (D:4)
5 creatures vanquished.

Grand Total: 294 creatures vanquished

Notes
Turn   | Place    | Note
-------+----------+-------------------------------------------
     0 | D:1      | monsoonserge the Meteoran Shapeshifter began the quest for
                  | the Orb.
     0 | D:1      | Reached XP level 1. HP: 16/16 MP: 2/2
   105 | D:1      | Found a faded altar of an unknown god.
   120 | D:1      | Reached XP level 2. HP: 21/23 MP: 3/3
   365 | D:1      | Reached XP level 3. HP: 28/28 MP: 4/4
   445 | D:2      | Found Kaxtav's Assorted Antiques.
   450 | D:2      | Bought a scroll labelled EHACIPOGORCH for 30 gold pieces
   488 | D:2      | Reached skill level 4 in Unarmed Combat
   657 | D:2      | Reached XP level 4. HP: 16/35 MP: 5/5
   834 | D:2      | Bought a scroll labelled HISY XOAPH for 30 gold pieces
   898 | D:3      | Reached XP level 5. HP: 40/40 MP: 6/6
   916 | D:3      | Found a glowing drain.
   920 | Sewer    | Entered a sewer
   943 | Sewer    | Reached skill level 5 in Shapeshifting
  1004 | Sewer    | Reached skill level 5 in Unarmed Combat
  1049 | Sewer    | Reached XP level 6. HP: 43/47 MP: 7/7
  1184 | Sewer    | Reached skill level 1 in Armour
  1186 | Sewer    | Reached skill level 6 in Unarmed Combat
  1186 | Sewer    | Reached XP level 7. HP: 16/52 MP: 8/8
  1844 | D:4      | Reached skill level 1 in Evocations
  1965 | D:4      | Found a staircase to the Ecumenical Temple.
  1975 | Temple   | Entered the Ecumenical Temple
  1985 | Temple   | Became a worshipper of Elyvilon the Healer
  2032 | D:4      | Reached skill level 7 in Unarmed Combat
  2032 | D:4      | Reached XP level 8. HP: 61/61 MP: 9/9
  2135 | D:4      | Noticed Eustachio
  2154 | D:4      | Killed Eustachio
  2236 | D:5      | Entered Level 5 of the Dungeon
  2249 | D:5      | Found a sparkling altar of Nemelex Xobeh.
  2256 | D:5      | Found an ornate altar of the Wu Jian Council.
  2260 | D:5      | Fell from the grace of Elyvilon
  2260 | D:5      | Became a worshipper of the Wu Jian Council
  2344 | D:5      | Found a sand-covered staircase.
  2349 | Ossuary  | Entered an ossuary
  2380 | Ossuary  | Reached skill level 8 in Unarmed Combat
  2462 | Ossuary  | Reached * piety under Wu Jian
  2564 | Ossuary  | Gained mutation: You passively map the area around you.
                  | [Meteoran growth]
  2564 | Ossuary  | Reached XP level 9. HP: 56/68 MP: 10/10
  2668 | D:5      | Found a runed translucent door.
  2669 | D:5      | Noticed Crazy Yiuf
  2677 | D:5      | Killed Crazy Yiuf
  2770 | D:5      | HP: 2/64 [something (21)]
  2927 | D:5      | Reached skill level 9 in Unarmed Combat
  2966 | D:5      | Reached ** piety under Wu Jian
  3195 | D:6      | Reached skill level 10 in Unarmed Combat
  3608 | D:7      | Reached skill level 5 in Dodging
  3643 | D:7      | Reached skill level 11 in Unarmed Combat
  3693 | D:7      | Reached XP level 10. HP: 76/77 MP: 11/11
  3865 | D:7      | Found a shimmering blue altar of Sif Muna.
  3983 | D:8      | Found the +3 greatsling "Punk" {acid, rCorr}
  4080 | D:8      | Reached *** piety under Wu Jian
  4115 | D:8      | Noticed a two-headed ogre
  4120 | D:8      | Killed a two-headed ogre
  4121 | D:8      | Reached skill level 12 in Unarmed Combat
  4489 | D:9      | Reached skill level 10 in Shapeshifting
  4521 | D:9      | Noticed a two-headed ogre
  4527 | D:9      | HP: 3/78 [two-headed ogre/+0 giant club (23)]
  4528 | D:9      | Killed a two-headed ogre
  4528 | D:9      | Reached skill level 1 in Ranged Weapons
  4528 | D:9      | Reached XP level 11. HP: 22/84 MP: 12/12
  4531 | D:9      | Noticed a two-headed ogre
  4570 | D:9      | Killed a two-headed ogre
  4611 | D:9      | HP: 3/84 [killer bee (6)]
  4618 | D:9      | Reached skill level 13 in Unarmed Combat
  4666 | D:9      | Found a transporter.
  4666 | D:9      | Found Boedayr's Weapon Boutique.
  4668 | D:9      | Found a transporter.
  4705 | D:9      | Found a staircase to the Lair.
  4765 | Lair:1   | Entered Level 1 of the Lair of Beasts
  4835 | Lair:1   | Noticed Nergalle
  4850 | Lair:1   | Killed Nergalle
  4931 | Lair:1   | Reached **** piety under Wu Jian
  5091 | Lair:1   | Reached skill level 5 in Ranged Weapons
  5305 | Lair:2   | Reached skill level 14 in Unarmed Combat
  5332 | Lair:2   | Found a sparkling altar of Nemelex Xobeh.
  5364 | Lair:2   | Identified the +8 dire flail "Lokkiq" {flame, rElec Str-3
                  | Dex+4 Stlth+}
  5539 | Lair:2   | Reached XP level 12. HP: 87/92 MP: 13/13
  5768 | Lair:3   | Reached skill level 15 in Unarmed Combat
  5802 | Lair:3   | Noticed a death yak
  5802 | Lair:3   | Noticed a death yak
  5802 | Lair:3   | Noticed a death yak
  5802 | Lair:3   | Noticed a death yak
  5804 | Lair:3   | Noticed a death yak
  5806 | Lair:3   | Noticed a death yak
  5806 | Lair:3   | Noticed a catoblepas
  5811 | Lair:3   | Killed a death yak
  5817 | Lair:3   | Killed a death yak
  5817 | Lair:3   | Killed a death yak
  5818 | Lair:3   | Reached skill level 5 in Fighting
  5821 | Lair:3   | Killed a death yak
  5827 | Lair:3   | Killed a catoblepas
  5831 | Lair:3   | Slain by a death yak

Illustrated notes

Levels and vault maps discovered:
D:1:      lordsloth_arrival_two_stooges, layout_loops_ring,
          shapermc_ecumenical_altar_gd
D:2:      layout_loops_corners, serial_shops, shop, minmay_misc_feat_tiny
D:3:      layout_basic, gup_sewer_entry_bowl
D:4:      minmay_wonky_spiral, layout_cave_pools, minmay_temple_entry_tees,
          uniq_eustachio
D:5:      layout_loops_ring, mainiacjoe_overflow_big_doors,
          nicolae_ossuary_entry_giza, minmay_fountain_box,
          nicolae_concentric_dashed_squares_mild, lemuel_flame_loot_1,
          uniq_crazy_yiuf_cottage
D:6:      layout_loops_cross
D:7:      layout_loops_ring, mainiacjoe_overflow_concentric_impassable,
          hangedman_abyss_or_decor_lesser_grid
D:8:      layout_loops_ring
D:9:      layout_long_grid, dpeg_oklobed_lair, serial_shops,
          nicolae_shop_drivethru, minmay_statue_bubble
Temple:   hellmonk_temple_of_storms
Lair:1:   layout_cave_pods, uniq_nergalle
Lair:2:   layout_regular_city, basic_altar, grunt_megastairs_3
Lair:3:   layout_chaotic_city, shoals_dummy_entry, spider_nest_entry_funnel_web,
          lemuel_fruit_fields, lemuel_fruit_tree

Skill      XL: |  1  2  3  4  5  6  7  8  9 10 11 12 |
---------------+-------------------------------------+-----
Shapeshifting  | 4 5 6 7 10 11 | 11.3
Unarmed Combat | 4 5 6 7 8 11 12 14 15 | 15.8
Dodging        | 3 4 5 6 |  6.7
Armour         | 1 2 3 |  3.0
Evocations     | 1 2 |  2.5
Fighting       | 2 3 4 5 |  5.0
Ranged Weapons | 1 5 6 |  6.8
Throwing       | |  0.2

Action                     |  1- 3 |  4- 6 |  7- 9 | 10-12 || total
---------------------------+-------+-------+-------+-------++-------
  Melee: Unarmed           |    72 |   172 |   415 |   320 ||   979
         Punch             |     2 |       |     6 |    17 ||    25
         Maw               |       |       |       |    67 ||    67
   Fire: Greatsling        |       |       |       |    55 ||    55
  Throw: Dart              |       |       |       |     1 ||     1
 Invoke: Serpent's Lash    |       |       |       |     1 ||     1
Ability: Lunge             |       |       |    25 |    25 ||    50
         Whirlwind         |       |       |    20 |   112 ||   132
         Wall Jump         |       |       |     1 |       ||     1
  Evoke: Wand              |       |     1 |     3 |       ||     4
    Use: Potion            |       |     1 |     3 |     2 ||     6
         Scroll            |       |       |     5 |     4 ||     9
 Armour: Leather armour    |    31 |   118 |   235 |    30 ||   414
         Skin              |       |    20 |    20 |    96 ||   136
  Dodge: Dodged            |    43 |   147 |   247 |   152 ||   589
   Form: Flux              |       |       |     1 |       ||     1
         Maw               |       |       |       |     1 ||     1

Table legend: (Time is in decaauts)
 A = Elapsed time spent in this place.
 B = Non-inter-level travel time spent in this place.
 C = Inter-level travel time spent in this place.
 D = Time resting spent in this place.
 E = Time spent auto-exploring this place.
 F = Levels seen in this place.
 G = Mean time per level.
                   A        B        C        D        E       F      G
               +--------+--------+--------+--------+--------+-----+--------+
         Total |   5734 |   5647 |     87 |    130 |      0 |  15 |  382.3 |
       Dungeon |   3982 |   3982 |      0 |     18 |      0 |   9 |  442.4 |
        Temple |     19 |      3 |     16 |      0 |      0 |   1 |   19.0 |
          Lair |   1031 |    960 |     71 |      0 |      0 |   3 |  343.7 |
         Sewer |    441 |    441 |      0 |    112 |      0 |   1 |  441.0 |
       Ossuary |    259 |    259 |      0 |      0 |      0 |   1 |  259.0 |
               +--------+--------+--------+--------+--------+-----+--------+

Top non-repeatable levels by time:
     D:5: 591 daAuts
     D:3: 517 daAuts
  Lair:1: 475 daAuts
  Lair:2: 450 daAuts
   Sewer: 441 daAuts
     D:1: 421 daAuts
     D:6: 418 daAuts
     D:2: 417 daAuts
     D:4: 411 daAuts
     D:9: 410 daAuts
     D:8: 406 daAuts
     D:7: 386 daAuts
 Ossuary: 259 daAuts
  Lair:3: 105 daAuts
  Temple: 19 daAuts
